General information
- name: BNet
- type: Ladder team game (AT/RT)
- host: Battle.net
- saver: sylink
map: FullScaleAssault
- players: 8
- length: 108:50
- speed: Fast
- version: 1.23 W3XP
- replay type: Public
» download(501 KB)
Players
team 1 (loser)

»
Manocoulin1 (
blue | 59 APM | 6439 actions | 108:49)
10 Tauren Chieftain
3 War Stomp
3 Endurance Aura
1 Reincarnation
3 Shockwave
10 Shadow Hunter
3 Healing Wave
3 Hex
1 Big Bad Voodoo
3 Serpent Ward
3 Demon Hunter
3 Immolation
1 Far Seer
1 Chain Lighting
1 Blademaster
1 Mirror Image
» actions
| Assign group hotkey | 33 | |
| Basic commands | 3 | |
| Build / train | 135 | |
| ESC pressed | 7 | |
| Enter build submenu | 50 | |
| Enter hero's abilities submenu | 26 | |
| Give item / drop item | 6 | |
| Remove unit from queue | 7 | |
| Right click | 3088 | |
| Select / deselect | 868 | |
| Select group hotkey | 1960 | |
| Use ability | 255 | |
6439 total
» units
| Peon | 23 | |
| Wind Rider | 18 | |
| Goblin Zeppelin | 2 | |
| Troll Batrider | 35 | |
| Wisp | -1 | |
| Chimaera | 3 | |
| Hippogryph | 4 | |
84 total
» upgrades
| Ranged Weapons | 3 | |
| Armor | 3 | |
| Envenomed Spears | 1 | |
| Liquid Fire | 1 | |
| Reinforced Defenses | 1 | |
| Reinforced Hides | 1 | |
10 total
» buildings
| Orc Burrow | 21 | |
| Altar of Storms | 4 | |
| War Mill | 3 | |
| Stronghold | 1 | |
| Beastiary | 6 | |
| Voodoo Lounge | 2 | |
| Great Hall | 7 | |
| Fortress | 1 | |
| Watch Tower | 9 | |
| Tree of Life | 4 | |
| Hunter's Hall | 1 | |
59 total
» build order
00:29 Orc Burrow
00:30 Orc Burrow
00:55 Altar of Storms
01:17 War Mill
02:24 Stronghold
02:35 Orc Burrow
04:26 Orc Burrow
04:49 Beastiary
04:50 Beastiary
05:02 Orc Burrow
06:18 Voodoo Lounge
08:33 Great Hall
08:46 Fortress
11:12 Watch Tower
11:14 Watch Tower
14:13 Orc Burrow
14:15 Orc Burrow
14:16 Orc Burrow
30:36 Great Hall
31:00 Watch Tower
31:01 Watch Tower
50:33 Great Hall
51:40 War Mill
52:34 Orc Burrow
54:55 Altar of Storms
55:02 Orc Burrow
57:52 Voodoo Lounge
60:05 Beastiary
60:06 Beastiary
60:09 Beastiary
60:10 Beastiary
62:29 Tree of Life
63:58 Hunter's Hall
66:43 Tree of Life
68:34 Great Hall
74:32 Tree of Life
74:43 Altar of Storms
74:51 Orc Burrow
74:52 Orc Burrow
74:53 Orc Burrow
74:54 Orc Burrow
74:55 Orc Burrow
79:31 Tree of Life
84:51 Orc Burrow
85:05 Orc Burrow
86:09 Great Hall
86:22 Great Hall
90:55 Great Hall
93:56 Orc Burrow
95:59 Orc Burrow
96:40 War Mill
97:36 Altar of Storms
97:54 Orc Burrow
98:47 Watch Tower
98:48 Watch Tower
98:49 Watch Tower
98:49 Watch Tower
98:52 Watch Tower
105:53 Orc Burrow
» items
| Healing Salve | 1 | |
| Orb of Lightning | 2 | |
| Scroll of Town Portal | 2 | |
5 total

»
CantelopeBandit (
orange | 13 APM | 963 actions | 72:01)
4 Demon Hunter
2 Immolation
2 Mana Burn
» actions
| Assign group hotkey | 12 | |
| Basic commands | 16 | |
| Build / train | 49 | |
| Enter build submenu | 19 | |
| Enter hero's abilities submenu | 4 | |
| Right click | 478 | |
| Select / deselect | 271 | |
| Select group hotkey | 80 | |
| Use ability | 34 | |
963 total
» units
» upgrades
| Abolish Magic | 1 | |
| Strength of the Wild | 3 | |
| Reinforced Hides | 3 | |
7 total
» buildings
| Altar of Elders | 1 | |
| Moon Well | 9 | |
| Ancient of War | 1 | |
| Hunter's Hall | 1 | |
| Tree of Ages | 1 | |
| Ancient of Lore | 3 | |
| Tree of Eternity | 1 | |
| Ancient of Wonders | 1 | |
| Tree of Life | 1 | |
19 total
» build order
00:08 Altar of Elders
00:10 Moon Well
01:06 Ancient of War
01:43 Moon Well
02:15 Hunter's Hall
03:24 Tree of Ages
03:36 Moon Well
05:33 Moon Well
05:47 Ancient of Lore
05:48 Ancient of Lore
06:07 Ancient of Lore
06:33 Moon Well
08:41 Tree of Eternity
09:48 Moon Well
10:50 Moon Well
14:41 Moon Well
14:48 Moon Well
22:05 Ancient of Wonders
24:42 Tree of Life
» items
| Scroll of Town Portal | 3 | |
| Orb of Venom | 1 | |
| Potion of Healing | 1 | |
5 total

»
Type_Text_Here (
teal | 49 APM | 5371 actions | 108:49)
7 Blademaster
3 Wind Walk
3 Critical Strike
1 Bladestorm
6 Far Seer
3 Feral Spirit
2 Chain Lighting
1 Earth Quake
6 Tauren Chieftain
2 War Stomp
3 Endurance Aura
1 Reincarnation
1 Demon Hunter
1 Immolation
» actions
| Assign group hotkey | 118 | |
| Basic commands | 629 | |
| Build / train | 116 | |
| ESC pressed | 15 | |
| Enter build submenu | 54 | |
| Enter hero's abilities submenu | 21 | |
| Give item / drop item | 1 | |
| Right click | 2298 | |
| Select / deselect | 743 | |
| Select group hotkey | 1140 | |
| Use ability | 236 | |
5371 total
» units
| Peon | 17 | |
| Troll Witch Doctor | 3 | |
| Tauren | 3 | |
| Shaman | 3 | |
| Demolisher | 13 | |
| Goblin Zeppelin | 3 | |
| Troll Headhunter/Berserker | 4 | |
| Troll Batrider | 5 | |
| Kodo Beast | 2 | |
| Wind Rider | 1 | |
| Wisp | 9 | |
63 total
» upgrades
| Ranged Weapons | 3 | |
| Spiked Barricades | 1 | |
| Armor | 2 | |
| Shaman Training | 2 | |
| Witch Doctor Training | 3 | |
| Reinforced Defenses | 1 | |
| Pulverize | 1 | |
| Melee Weapons | 1 | |
| Burning Oil | 1 | |
15 total
» buildings
| Altar of Storms | 3 | |
| Orc Burrow | 10 | |
| War Mill | 4 | |
| Voodoo Lounge | 1 | |
| Stronghold | 3 | |
| Fortress | 1 | |
| Spirit Lodge | 2 | |
| Tauren Totem | 2 | |
| Watch Tower | 12 | |
| Great Hall | 5 | |
| Barracks | 2 | |
| Beastiary | 1 | |
46 total
» build order
00:07 Altar of Storms
00:09 Orc Burrow
00:56 War Mill
01:10 Voodoo Lounge
01:42 Orc Burrow
02:53 Stronghold
02:53 Stronghold
02:53 Stronghold
05:21 Fortress
05:56 Spirit Lodge
06:03 Spirit Lodge
07:54 Tauren Totem
07:58 Tauren Totem
08:03 Watch Tower
08:08 Watch Tower
09:43 Great Hall
10:09 Orc Burrow
10:13 Orc Burrow
11:17 Orc Burrow
13:28 Orc Burrow
14:19 Orc Burrow
14:23 Orc Burrow
20:11 Barracks
20:14 Barracks
34:12 Watch Tower
38:31 Beastiary
45:13 Altar of Storms
45:44 Altar of Storms
60:52 War Mill
60:56 Watch Tower
60:58 Watch Tower
61:09 Great Hall
65:43 War Mill
68:07 Great Hall
71:52 War Mill
73:08 Watch Tower
73:13 Watch Tower
73:16 Watch Tower
73:19 Watch Tower
74:44 Watch Tower
74:47 Watch Tower
74:49 Watch Tower
76:57 Orc Burrow
81:10 Great Hall
85:53 Orc Burrow
87:11 Great Hall
» items
| Healing Salve | 1 | |
| Lesser Clarity Potion | 1 | |
| Orb of Lightning | 1 | |
3 total
mean-freshy (
red | 29 APM | 1212 actions | 41:26)
7 Demon Hunter
3 Evasion
3 Mana Burn
1 Metamorphosis
» actions
| Assign group hotkey | 34 | |
| Build / train | 69 | |
| Enter build submenu | 24 | |
| Enter hero's abilities submenu | 7 | |
| Give item / drop item | 3 | |
| Remove unit from queue | 3 | |
| Right click | 405 | |
| Select / deselect | 363 | |
| Select group hotkey | 255 | |
| Use ability | 47 | |
1212 total
» units
| Wisp | 19 | |
| Archer | 5 | |
| Huntress | 6 | |
| Chimaera | 8 | |
| Glaive Thrower | 9 | |
47 total
» upgrades
| Strength of the Moon | 3 | |
| Strength of the Wild | 3 | |
| Corrosive Breath | 1 | |
| Vorpal Blades | 1 | |
8 total
» buildings
| Altar of Elders | 1 | |
| Moon Well | 9 | |
| Ancient of War | 3 | |
| Hunter's Hall | 1 | |
| Tree of Ages | 1 | |
| Ancient of Wind | 1 | |
| Tree of Eternity | 1 | |
| Chimaera Roost | 4 | |
| Tree of Life | 3 | |
24 total
» build order
00:11 Altar of Elders
00:22 Moon Well
00:38 Ancient of War
01:28 Moon Well
02:29 Hunter's Hall
03:04 Moon Well
04:42 Tree of Ages
05:04 Moon Well
07:19 Ancient of Wind
08:00 Tree of Eternity
10:21 Moon Well
10:26 Chimaera Roost
10:28 Chimaera Roost
12:13 Moon Well
13:04 Tree of Life
14:13 Moon Well
18:01 Ancient of War
18:06 Ancient of War
19:01 Moon Well
33:26 Chimaera Roost
33:29 Chimaera Roost
33:39 Moon Well
34:46 Tree of Life
40:19 Tree of Life
» items
team 2 (winner)

»
hsb123 (
pink | 43 APM | 3159 actions | 72:55)
10 Priestess of the Moon
3 Trueshot Aura
3 Scout
1 Starfall
3 Searing Arrows
» actions
| Assign group hotkey | 19 | |
| Basic commands | 363 | |
| Build / train | 175 | |
| Enter build submenu | 36 | |
| Enter hero's abilities submenu | 11 | |
| Give item / drop item | 6 | |
| Remove unit from queue | 4 | |
| Right click | 1389 | |
| Select / deselect | 977 | |
| Select group hotkey | 45 | |
| Use ability | 133 | |
3159 total
» units
| Wisp | 18 | |
| Archer | 45 | |
| Chimaera | 16 | |
| Hippogryph | 35 | |
| Tauren | 5 | |
| Dryad | 12 | |
131 total
» upgrades
| Strength of the Wild | 3 | |
| Reinforced Hides | 3 | |
| Corrosive Breath | 1 | |
| Strength of the Moon | 2 | |
| Backpack | 1 | |
| Improved Bows | 1 | |
| Marksmanship | 1 | |
| Hippogryph Taming | 1 | |
| Moon Armor | 2 | |
| Armor | 1 | |
| Nature's Blessing | 1 | |
| Abolish Magic | 1 | |
| Melee Weapons | 1 | |
19 total
» buildings
| Altar of Elders | 1 | |
| Moon Well | 9 | |
| Ancient of War | 1 | |
| Tree of Ages | 2 | |
| Hunter's Hall | 2 | |
| Watch Tower | 1 | |
| Ancient of Wonders | 1 | |
| Tree of Eternity | 1 | |
| Ancient of Wind | 2 | |
| Chimaera Roost | 3 | |
| Tree of Life | 1 | |
| Ancient Protector | 4 | |
| Ancient of Lore | 2 | |
30 total
» build order
00:59 Altar of Elders
01:08 Moon Well
01:49 Ancient of War
02:18 Moon Well
02:56 Moon Well
03:18 Tree of Ages
03:22 Moon Well
03:59 Hunter's Hall
04:07 Hunter's Hall
05:25 Watch Tower
05:40 Ancient of Wonders
05:41 Tree of Eternity
07:41 Ancient of Wind
08:50 Chimaera Roost
08:53 Chimaera Roost
09:30 Chimaera Roost
10:20 Moon Well
11:31 Tree of Life
13:18 Moon Well
17:49 Moon Well
18:52 Moon Well
20:26 Moon Well
21:26 Ancient Protector
21:53 Ancient of Wind
47:08 Tree of Ages
49:18 Ancient Protector
49:21 Ancient Protector
49:23 Ancient Protector
49:31 Ancient of Lore
52:40 Ancient of Lore
» items
| Periapt of Vitality | 1 | |
| Potion of Lesser Invulnerability | 1 | |
| Scroll of Town Portal | 5 | |
7 total
sylink (
purple | 75 APM | 8167 actions | 108:50)
10 Archmage
3 Blizzard
3 Brilliance Aura
1 Mass Teleport
3 Summon Water Elemental
8 Dark Ranger
2 Life Drain
2 Black Arrow
3 Silence
1 Charm
» actions
| Assign group hotkey | 30 | |
| Basic commands | 488 | |
| Build / train | 275 | |
| ESC pressed | 12 | |
| Enter build submenu | 201 | |
| Enter hero's abilities submenu | 18 | |
| Give item / drop item | 3 | |
| Right click | 2489 | |
| Select / deselect | 1309 | |
| Select group hotkey | 2758 | |
| Use ability | 584 | |
8167 total
» units
| Peasant | 38 | |
| Peon | 12 | |
| Goblin Shredder | 1 | |
| Flying Machine | 31 | |
| Goblin Zeppelin | 1 | |
| Tauren | 3 | |
| Siege Engine | 10 | |
| Sorceress | 1 | |
| Priest | 1 | |
| Gryphon Rider | 7 | |
105 total
» upgrades
| Masonry | 3 | |
| Magic Sentry | 1 | |
| Lumber Harvesting | 1 | |
| Reinforced Defenses | 1 | |
| Flak Cannons | 1 | |
| Gunpowder | 3 | |
| Armor | 3 | |
| Pulverize | 1 | |
| Melee Weapons | 1 | |
| Barrage | 1 | |
| Flying Machine Bombs | 1 | |
| Sorceress Training | 1 | |
| Plating | 3 | |
| Swords | 2 | |
| Storm Hammers | 1 | |
| Animal War Training | 1 | |
25 total
» buildings
| Altar of Kings | 2 | |
| Farm | 16 | |
| Lumber Mill | 2 | |
| Scout Tower | 186 | |
| Arcane Tower | 3 | |
| Guard Tower | 93 | |
| Keep | 2 | |
| Stronghold | 1 | |
| Watch Tower | 63 | |
| Arcane Sanctum | 2 | |
| Fortress | 1 | |
| Town Hall | 7 | |
| Orc Burrow | 7 | |
| Voodoo Lounge | 2 | |
| Arcane Vault | 2 | |
| Castle | 2 | |
| Blacksmith | 3 | |
| Workshop | 3 | |
| Tauren Totem | 2 | |
| Gryphon Aviary | 3 | |
| Barracks | 1 | |
403 total
» build order
00:02 Altar of Kings
00:03 Farm
00:30 Lumber Mill
01:38 Scout Tower
01:43 Farm
02:07 Arcane Tower
02:08 Scout Tower
02:09 Scout Tower
02:20 Scout Tower
02:45 Guard Tower
02:53 Scout Tower
02:54 Scout Tower
02:55 Arcane Tower
02:57 Farm
03:07 Scout Tower
03:08 Guard Tower
03:20 Scout Tower
03:49 Guard Tower
03:50 Scout Tower
04:01 Keep
04:06 Guard Tower
04:24 Stronghold
04:28 Scout Tower
04:29 Guard Tower
04:35 Scout Tower
04:45 Guard Tower
04:47 Scout Tower
04:49 Scout Tower
04:58 Guard Tower
05:00 Scout Tower
05:07 Arcane Tower
05:18 Guard Tower
05:41 Scout Tower
05:42 Guard Tower
05:45 Watch Tower
05:51 Scout Tower
05:52 Scout Tower
06:11 Guard Tower
06:19 Scout Tower
06:21 Watch Tower
06:33 Arcane Sanctum
06:34 Guard Tower
06:48 Guard Tower
07:19 Scout Tower
07:20 Scout Tower
07:36 Fortress
07:43 Scout Tower
07:43 Scout Tower
07:45 Scout Tower
07:46 Scout Tower
08:40 Town Hall
08:46 Guard Tower
08:51 Watch Tower
08:51 Watch Tower
09:00 Scout Tower
09:19 Guard Tower
09:25 Scout Tower
10:00 Scout Tower
10:00 Scout Tower
10:02 Guard Tower
10:15 Scout Tower
10:19 Scout Tower
10:26 Orc Burrow
10:28 Orc Burrow
10:47 Scout Tower
10:48 Guard Tower
11:12 Scout Tower
11:13 Scout Tower
11:14 Guard Tower
11:18 Scout Tower
11:19 Guard Tower
11:24 Watch Tower
11:39 Voodoo Lounge
11:44 Arcane Vault
11:48 Guard Tower
11:51 Scout Tower
11:54 Guard Tower
12:09 Guard Tower
12:22 Scout Tower
12:25 Guard Tower
12:33 Watch Tower
13:30 Watch Tower
13:33 Scout Tower
13:34 Guard Tower
13:36 Scout Tower
13:36 Scout Tower
13:37 Scout Tower
13:46 Town Hall
13:58 Watch Tower
14:00 Watch Tower
14:01 Watch Tower
14:06 Scout Tower
14:08 Scout Tower
14:08 Scout Tower
14:11 Guard Tower
14:45 Scout Tower
14:45 Scout Tower
14:50 Castle
14:52 Scout Tower
14:53 Scout Tower
14:53 Scout Tower
14:58 Guard Tower
15:00 Scout Tower
15:00 Scout Tower
15:01 Scout Tower
15:15 Watch Tower
15:24 Scout Tower
15:25 Scout Tower
15:25 Scout Tower
16:03 Scout Tower
16:04 Guard Tower
16:09 Watch Tower
16:44 Scout Tower
16:44 Scout Tower
16:46 Guard Tower
16:50 Guard Tower
16:52 Scout Tower
16:53 Scout Tower
16:53 Scout Tower
16:57 Guard Tower
16:59 Scout Tower
16:59 Scout Tower
16:59 Scout Tower
17:01 Guard Tower
17:05 Blacksmith
17:15 Blacksmith
17:35 Watch Tower
17:37 Watch Tower
17:38 Watch Tower
17:38 Watch Tower
17:39 Watch Tower
17:45 Guard Tower
17:47 Scout Tower
17:48 Scout Tower
17:48 Scout Tower
17:54 Workshop
17:55 Workshop
18:01 Guard Tower
18:06 Scout Tower
18:06 Scout Tower
18:07 Scout Tower
18:09 Scout Tower
18:10 Scout Tower
18:10 Scout Tower
18:11 Scout Tower
18:14 Guard Tower
18:20 Watch Tower
18:20 Watch Tower
18:22 Watch Tower
18:22 Watch Tower
18:44 Guard Tower
19:13 Guard Tower
19:33 Guard Tower
20:10 Guard Tower
20:11 Scout Tower
20:11 Scout Tower
20:32 Guard Tower
20:55 Guard Tower
20:57 Scout Tower
21:04 Watch Tower
21:05 Watch Tower
21:07 Watch Tower
21:08 Watch Tower
21:08 Watch Tower
21:10 Guard Tower
21:24 Scout Tower
21:24 Scout Tower
21:27 Scout Tower
21:27 Scout Tower
21:29 Guard Tower
21:34 Watch Tower
22:19 Scout Tower
22:20 Guard Tower
22:48 Scout Tower
22:49 Guard Tower
23:00 Guard Tower
23:03 Scout Tower
23:47 Guard Tower
23:50 Scout Tower
23:50 Scout Tower
23:51 Scout Tower
23:53 Scout Tower
23:54 Scout Tower
23:54 Scout Tower
23:55 Guard Tower
24:13 Watch Tower
24:13 Watch Tower
24:27 Guard Tower
24:51 Scout Tower
24:51 Scout Tower
24:51 Scout Tower
24:57 Scout Tower
24:57 Scout Tower
24:58 Scout Tower
25:41 Scout Tower
25:41 Scout Tower
25:41 Scout Tower
25:43 Guard Tower
25:52 Guard Tower
26:00 Guard Tower
26:01 Scout Tower
26:01 Scout Tower
26:01 Scout Tower
26:05 Guard Tower
26:27 Scout Tower
26:27 Scout Tower
26:28 Guard Tower
26:38 Arcane Vault
26:43 Scout Tower
26:43 Scout Tower
26:48 Guard Tower
27:01 Watch Tower
27:01 Watch Tower
27:12 Guard Tower
27:14 Scout Tower
27:14 Scout Tower
27:22 Guard Tower
27:26 Scout Tower
27:27 Scout Tower
27:28 Guard Tower
27:45 Guard Tower
27:47 Scout Tower
27:48 Scout Tower
28:01 Scout Tower
28:03 Guard Tower
28:32 Guard Tower
28:35 Town Hall
28:41 Guard Tower
28:43 Scout Tower
28:43 Scout Tower
28:44 Scout Tower
28:49 Scout Tower
28:49 Scout Tower
28:50 Scout Tower
28:51 Scout Tower
28:52 Scout Tower
29:03 Voodoo Lounge
29:32 Guard Tower
29:33 Scout Tower
29:33 Scout Tower
29:40 Guard Tower
29:52 Scout Tower
29:53 Scout Tower
29:53 Scout Tower
29:54 Scout Tower
29:54 Scout Tower
30:26 Guard Tower
30:31 Guard Tower
30:32 Scout Tower
30:33 Scout Tower
30:34 Scout Tower
30:34 Scout Tower
30:36 Guard Tower
30:37 Scout Tower
30:39 Scout Tower
30:40 Scout Tower
30:40 Scout Tower
30:48 Watch Tower
30:48 Watch Tower
30:49 Watch Tower
30:50 Watch Tower
30:56 Guard Tower
31:00 Town Hall
31:04 Guard Tower
31:17 Guard Tower
31:20 Scout Tower
31:20 Scout Tower
31:20 Scout Tower
31:53 Scout Tower
32:17 Scout Tower
32:18 Guard Tower
33:01 Guard Tower
33:09 Guard Tower
33:11 Scout Tower
33:12 Scout Tower
33:12 Scout Tower
33:15 Scout Tower
33:15 Scout Tower
34:09 Watch Tower
34:10 Watch Tower
34:11 Watch Tower
34:11 Watch Tower
34:12 Watch Tower
34:12 Watch Tower
34:16 Guard Tower
34:55 Scout Tower
34:56 Guard Tower
34:58 Scout Tower
34:58 Scout Tower
35:15 Tauren Totem
35:16 Tauren Totem
35:34 Scout Tower
36:20 Guard Tower
36:37 Orc Burrow
36:37 Orc Burrow
36:38 Orc Burrow
36:59 Scout Tower
37:01 Scout Tower
37:02 Scout Tower
37:03 Scout Tower
37:04 Scout Tower
37:09 Scout Tower
37:10 Scout Tower
37:30 Guard Tower
37:32 Guard Tower
37:34 Scout Tower
37:34 Scout Tower
37:36 Guard Tower
37:38 Scout Tower
37:38 Scout Tower
37:39 Scout Tower
37:40 Scout Tower
37:45 Scout Tower
38:02 Guard Tower
38:06 Watch Tower
38:15 Guard Tower
38:22 Town Hall
38:24 Guard Tower
38:29 Scout Tower
38:30 Scout Tower
38:33 Guard Tower
39:40 Scout Tower
39:41 Guard Tower
40:10 Guard Tower
40:13 Scout Tower
40:14 Scout Tower
40:17 Scout Tower
40:43 Watch Tower
41:25 Scout Tower
41:25 Scout Tower
41:39 Guard Tower
42:22 Guard Tower
42:31 Arcane Sanctum
42:51 Orc Burrow
42:51 Orc Burrow
45:17 Watch Tower
45:18 Watch Tower
45:19 Watch Tower
45:21 Watch Tower
45:24 Town Hall
45:41 Watch Tower
45:42 Watch Tower
45:42 Watch Tower
46:30 Workshop
46:41 Watch Tower
46:43 Watch Tower
46:45 Watch Tower
46:48 Watch Tower
48:27 Watch Tower
48:29 Watch Tower
48:32 Watch Tower
48:33 Watch Tower
48:33 Watch Tower
48:34 Watch Tower
49:46 Watch Tower
49:48 Watch Tower
52:02 Watch Tower
80:02 Scout Tower
80:04 Scout Tower
80:05 Scout Tower
80:44 Guard Tower
80:46 Scout Tower
80:46 Scout Tower
80:48 Scout Tower
80:48 Scout Tower
80:50 Scout Tower
80:50 Scout Tower
81:29 Guard Tower
81:46 Guard Tower
81:48 Scout Tower
81:48 Scout Tower
81:54 Town Hall
81:55 Guard Tower
82:24 Guard Tower
82:49 Guard Tower
82:50 Scout Tower
82:50 Scout Tower
83:53 Guard Tower
83:55 Scout Tower
83:55 Scout Tower
85:24 Guard Tower
92:39 Keep
95:22 Farm
95:23 Farm
95:23 Farm
96:26 Altar of Kings
96:28 Farm
97:45 Lumber Mill
98:16 Castle
99:01 Gryphon Aviary
99:02 Gryphon Aviary
99:03 Gryphon Aviary
101:35 Farm
101:37 Farm
101:39 Farm
102:37 Farm
102:39 Farm
102:41 Farm
103:17 Farm
103:19 Farm
103:22 Barracks
104:28 Farm
104:35 Blacksmith
» items
| Healing Salve | 3 | |
| Scroll of Regeneration | 4 | |
| Scroll of Town Portal | 8 | |
| Boots of Speed | 1 | |
| Staff of Teleportation | 2 | |
| Periapt of Vitality | 2 | |
| Potion of Lesser Invulnerability | 4 | |
24 total
Voidsmith (
yellow | 23 APM | 97 actions | 04:14)
1 Dark Ranger
1 Black Arrow
» actions
| Build / train | 17 | |
| ESC pressed | 2 | |
| Enter build submenu | 9 | |
| Enter hero's abilities submenu | 1 | |
| Right click | 19 | |
| Select / deselect | 41 | |
| Use ability | 8 | |
97 total
» units
» buildings
| Altar of Storms | 1 | |
| Orc Burrow | 1 | |
| War Mill | 1 | |
| Barracks | 1 | |
| Voodoo Lounge | 1 | |
| Watch Tower | 1 | |
6 total
» build order
00:06 Altar of Storms
00:09 Orc Burrow
01:47 War Mill
01:58 Barracks
02:48 Voodoo Lounge
03:08 Watch Tower
» items
Incanus_Solemni (
green | 12 APM | 1318 actions | 108:49)
7 Naga Sea Witch
3 Frost Arrows
3 Forked Lightning
1 Tornado
1 Priestess of the Moon
1 Trueshot Aura
» actions
| Assign group hotkey | 26 | |
| Basic commands | 3 | |
| Build / train | 79 | |
| ESC pressed | 6 | |
| Enter build submenu | 19 | |
| Enter hero's abilities submenu | 8 | |
| Give item / drop item | 4 | |
| Remove unit from queue | 2 | |
| Right click | 546 | |
| Select / deselect | 330 | |
| Select group hotkey | 239 | |
| Use ability | 56 | |
1318 total
» units
| Wisp | 11 | |
| Archer | 10 | |
| Druid of the Talon | 4 | |
| Chimaera | 1 | |
| Hippogryph | 13 | |
39 total
» upgrades
| Moon Armor | 2 | |
| Improved Bows | 1 | |
| Druid of the Talon Training | 2 | |
| Strength of the Wild | 3 | |
| Marksmanship | 1 | |
| Mark of the Talon | 1 | |
10 total
» buildings
| Altar of Elders | 1 | |
| Moon Well | 9 | |
| Ancient of War | 1 | |
| Ancient of Wonders | 1 | |
| Tree of Ages | 1 | |
| Hunter's Hall | 1 | |
| Ancient of Wind | 2 | |
| Tree of Eternity | 1 | |
| Chimaera Roost | 2 | |
| Tree of Life | 1 | |
20 total
» build order
00:14 Altar of Elders
00:23 Moon Well
01:18 Ancient of War
01:50 Moon Well
02:47 Ancient of Wonders
03:15 Moon Well
03:59 Tree of Ages
04:45 Hunter's Hall
06:14 Moon Well
06:31 Ancient of Wind
07:03 Tree of Eternity
07:50 Moon Well
09:37 Chimaera Roost
09:41 Chimaera Roost
12:33 Moon Well
12:38 Moon Well
13:48 Moon Well
14:49 Moon Well
18:02 Ancient of Wind
18:08 Tree of Life
» items
| Boots of Speed | 1 | |
| Potion of Lesser Invulnerability | 1 | |
| Staff of Teleportation | 1 | |
| Dust of Appearance | 1 | |
| Periapt of Vitality | 2 | |
| Scroll of Town Portal | 2 | |
| Orb of Fire | 1 | |
| Scroll of Healing | 3 | |
| Orb of Lightning | 1 | |
| Healing Salve | 1 | |
14 total
Chat log
(00:16 / Allies) Voidsmith: im towering
(00:18 / Allies) hsb123: plan?
(00:30 / Allies) Incanus_Solemni: archers with naga
(00:33 / Allies) Incanus_Solemni: dott chim
(00:39 / Allies) hsb123: cc?
(00:40 / Allies) hsb123: aa?
(00:47 / Allies) Voidsmith: support my towers
(00:49 / Allies) Voidsmith: rush
(01:05 / Allies) Voidsmith: you'll love it, ill build a shop and everything
(02:27 / All) Voidsmith: syling
(02:32 / Allies) sylink: sup
(02:34 / Allies) Voidsmith: build your towers in a bett place
(02:39 / All) Type_Text_Here: why?
(02:40 / Allies) sylink: this is a good place
(02:41 / Allies) Voidsmith: like over here
(02:49 / Allies) sylink: start building slow tower noob
(03:24 / Allies) sylink: oh hey a bm
(03:36 / Allies) sylink: a teching orc surprise
(03:46 / Allies) sylink: shittiest tower ever yellow fyi
(04:10 / Allies) Voidsmith: my bad
(07:28 / All) Incanus_Solemni: gotcha bitch
(07:35 / All) Type_Text_Here: indeed
(08:58 / Allies) sylink: defend at towers
(09:13 / Allies) sylink: expand everywhere
(09:44 / Allies) Incanus_Solemni: chims soon
(11:44 / Allies) hsb123: back~~
(11:44 / Allies) hsb123: too
(12:33 / Allies) hsb123: any one aa?
(12:39 / Allies) Incanus_Solemni: me
(13:00 / Allies) hsb123: someone can attck aa
(14:10 / Allies) hsb123: hit yet?
(14:19 / Allies) sylink: harass their expos
(14:37 / Allies) sylink: tower mains fo rbats
(15:55 / Allies) sylink: dryads lol
(17:18 / Allies) hsb123: ha
(17:31 / Allies) sylink: owned
(18:07 / Allies) hsb123: get their exp?
(18:24 / Allies) sylink: please do
(18:34 / All) CantelopeBandit: you'll run out of gold eventually
(18:43 / All) CantelopeBandit: even if we all go afk you can't win doing that
(18:48 / All) CantelopeBandit: so good luck
(20:05 / Allies) sylink: im getting gyros
(20:06 / Allies) sylink: hang in there
(23:18 / Allies) sylink: why is he level 7
(26:50 / Allies) sylink: anyone need gold
(26:55 / Allies) Incanus_Solemni: me
(27:07 / Allies) sylink: go nuts
(27:31 / Allies) sylink: take our cliffs
(28:11 / Allies) sylink: jus thit and run
(29:12 / Allies) sylink: dont risk shit
(29:14 / Allies) sylink: i have tons of gold
(29:27 / Allies) Incanus_Solemni: pink u have tp right
(29:46 / Allies) Incanus_Solemni: out
(29:59 / Allies) Incanus_Solemni: out
(30:03 / Allies) Incanus_Solemni: ...
(30:11 / Allies) hsb123: lolz
(30:14 / Allies) hsb123: he change me to pet
(30:15 / Allies) hsb123: cant tp
(30:48 / Allies) hsb123: money?
(30:56 / Allies) hsb123: thx
(31:08 / Allies) sylink: this epci
(31:09 / Allies) sylink: as fuck
(31:14 / Allies) hsb123: hah
(31:16 / Allies) Incanus_Solemni: haha yeah
(31:22 / Allies) hsb123: get some meel
(31:44 / Allies) sylink: i go tit
(31:59 / All) CantelopeBandit: afk
(32:04 / All) CantelopeBandit: have fun faggots
(32:04 / Allies) hsb123: hah
(32:05 / Allies) sylink: help
(32:23 / Allies) sylink: rofl
(32:42 / Allies) sylink: roflll
(33:17 / Allies) sylink: hahaha
(33:34 / Allies) sylink: take this
(33:35 / Allies) sylink: someone
(34:30 / Allies) hsb123: go make sonethin~
(34:33 / Allies) hsb123: he go too much money
(34:43 / Allies) sylink: ok
(34:49 / Allies) sylink: wha tshould he get
(34:50 / Allies) sylink: idk
(35:00 / Allies) hsb123: meele?
(35:21 / Allies) sylink: aight tauren reserve coming up
(36:10 / Allies) sylink: lol
(36:43 / All) sylink: noobs
(36:47 / All) Manocoulin1: LMAO
(36:49 / All) Manocoulin1: are you kidding me?
(36:55 / All) sylink: cant beat a few towers
(36:59 / All) Manocoulin1: lmao
(37:08 / All) Manocoulin1: u towered like crazy...like a noob who cant win any other way
(37:24 / All) sylink: therefore, you are losing ot a noob, qed
(37:34 / All) Type_Text_Here: sure
(37:35 / All) Type_Text_Here: but
(37:38 / All) Type_Text_Here: we're losing?
(37:44 / Allies) hsb123: money?
(37:54 / Allies) hsb123: thxthx
(38:10 / Allies) Incanus_Solemni: incomming
(38:20 / Allies) hsb123: keep building towers~
(38:28 / Allies) hsb123: push all the way in~
(39:15 / Allies) sylink: ill charm
(39:19 / Allies) hsb123: good
(39:37 / Allies) hsb123: i coming
(39:44 / Allies) hsb123: money
(39:47 / Allies) hsb123: i buy tp
(39:48 / All) Manocoulin1: lol purp u are such a bad player
(39:56 / All) sylink: im playing 2 bases entire game
(40:05 / All) Manocoulin1: u are a terrible player
(40:09 / Allies) hsb123: i go there
(40:20 / All) sylink: nice peons faggot
(40:26 / All) Manocoulin1: terrible
(40:31 / Allies) Incanus_Solemni: money plz
(40:57 / All) sylink: layers of an onion dude
(41:04 / All) Manocoulin1: terrible player
(41:17 / All) sylink: teal worse
(41:28 / All) sylink: bye
(41:30 / All) CantelopeBandit: yea teal is worse
(41:34 / All) CantelopeBandit: he's horrible
(41:39 / All) Type_Text_Here: lol
(41:42 / All) Type_Text_Here: afk?
(41:48 / All) Type_Text_Here: go back to being afk oj
(41:49 / All) CantelopeBandit: that's the first tower he's killed with all those demos
(41:53 / All) Type_Text_Here: i liked u more that way
(41:58 / All) sylink: red bad too so idk
(42:05 / Allies) sylink: dont waste tauren
(42:36 / Allies) sylink: i have no air
(42:39 / Allies) sylink: staying in low upkeep
(42:57 / Allies) sylink: lol
(42:58 / Allies) sylink: they are broke
(43:08 / All) sylink: how is your money situation guys
(43:10 / Allies) Incanus_Solemni: yeah
(43:12 / Allies) Incanus_Solemni: good
(43:13 / Allies) Incanus_Solemni: thanks
(43:20 / All) Type_Text_Here: bad, send us some plz
(43:25 / All) sylink: ok i only 9k atm
(43:31 / All) Type_Text_Here: gutting
(43:32 / Allies) Incanus_Solemni: i disagree with them purp, i think you're an incredible player ld
(43:34 / Allies) Incanus_Solemni: ;D
(43:48 / Allies) sylink: i have mass tp i could start tank dropping i guess
(43:49 / Allies) sylink: but w/e
(44:21 / Allies) sylink: how about that
(45:49 / Allies) hsb123: no money?
(46:17 / Allies) hsb123: plz
(46:18 / Allies) sylink: im going to get tanks
(46:19 / Allies) sylink: and mass tp
(46:30 / Allies) hsb123: need money make uints
(46:44 / Allies) hsb123: what should we make bears>
(46:50 / Allies) sylink: chimes are fine really
(46:55 / Allies) hsb123: ..
(46:58 / Allies) hsb123: but deers
(47:12 / Allies) sylink: idk get dryads
(47:15 / Allies) sylink: anti hero
(47:29 / Allies) hsb123: get meele
(47:32 / Allies) Incanus_Solemni: hah he has no wisps even in the mine
(47:59 / Allies) sylink: gonna have some tank dropping fun soon
(48:05 / Allies) hsb123: haha
(48:14 / Allies) sylink: gonna invis in
(48:18 / Allies) hsb123: mass cows
(48:36 / Allies) hsb123: no tp~
(48:37 / Allies) hsb123: haha
(48:40 / Allies) sylink: if only yellow knew what he was missing
(48:57 / Allies) sylink: stop losing your high level hero
(48:58 / Allies) sylink: god
(48:59 / Allies) sylink: dam
(49:44 / Allies) hsb123: cow + deer
(50:03 / Allies) Incanus_Solemni: make ure tree tier 3 pink
(50:13 / Allies) hsb123: i going get tree attck~
(50:16 / Allies) hsb123: walk there~
(50:17 / Allies) hsb123: hah
(50:22 / Allies) sylink: watch this
(51:15 / All) sylink: nope
(51:27 / Allies) hsb123: want hit otger>
(51:32 / Allies) sylink: just hit everywhere
(51:35 / Allies) hsb123: who going to cont yellow?
(51:39 / Allies) sylink: i got charm
(52:07 / Allies) hsb123: money~ puple~
(52:15 / Allies) hsb123: rish kid
(52:21 / Allies) sylink: stop losing potm
(52:36 / Allies) Incanus_Solemni: yes please stop giving them level 10 exp..
(52:51 / Allies) hsb123: u have charm yet?
(52:55 / Allies) sylink: ive had it
(53:01 / Allies) sylink: they have nothing worth charming
(53:01 / Allies) hsb123: meet
(53:25 / Allies) Incanus_Solemni: lmao 23k
(53:28 / Allies) Incanus_Solemni: wow man
(53:31 / Allies) Incanus_Solemni: thats the shit right there
(53:37 / Allies) sylink: ill go into upkeep when mines run out
(53:38 / Allies) hsb123: let wait for final hit
(54:09 / Allies) hsb123: kill this first
(54:14 / Allies) hsb123: than next
(54:43 / Allies) hsb123: come~
(54:44 / Allies) hsb123: let go~
(54:47 / All) Incanus_Solemni: lol
(55:02 / Allies) hsb123: 5more uints
(55:13 / Allies) sylink: just let me tank drop
(55:15 / All) Incanus_Solemni: you don't want to know how much $$ purp has
(55:23 / All) Manocoulin1: it doesn't matter anyways
(55:26 / Allies) hsb123: money money~
(55:34 / Allies) hsb123: let go!
(55:44 / Allies) sylink: go then
(56:54 / Allies) sylink: dont lose heroes
(56:56 / Allies) sylink: whatever the cost
(56:57 / Allies) sylink: ok
(57:22 / Allies) Incanus_Solemni: damnit pink
(57:50 / Allies) hsb123: THX FOR MONEY~~
(58:05 / All) hsb123: 5000 k more plz
(58:21 / Allies) sylink: thats a problem
(58:23 / Allies) Incanus_Solemni: shit.
(58:26 / Allies) hsb123: hah
(58:31 / Allies) sylink: its not relaly
(58:35 / Allies) hsb123: let me get charms
(59:04 / Allies) Incanus_Solemni: lol
(59:20 / Allies) sylink: oh well
(59:25 / Allies) hsb123: money~
(59:27 / Allies) hsb123: chamrs
(59:34 / Allies) hsb123: they dont have money make aa~
(59:56 / Allies) sylink: i got a wisp
(59:57 / Allies) sylink: charmed
(59:58 / Allies) sylink: lol
(60:00 / Allies) hsb123: hah
(60:12 / Allies) sylink: i could feed yellow
(60:14 / Allies) sylink: and mass shit
(60:15 / Allies) sylink: idk
(60:24 / Allies) Incanus_Solemni: mass wyvs
(60:30 / Allies) sylink: i only have a wisp
(61:00 / Allies) sylink: need to get rid of bats
(61:13 / Allies) hsb123: lolz
(61:20 / Allies) hsb123: no more money to play
(62:17 / Allies) Incanus_Solemni: they're not dry
(62:23 / Allies) sylink: w/e
(62:29 / Allies) sylink: if you cant build a base who cares
(62:33 / Allies) Incanus_Solemni: true
(62:56 / Allies) hsb123: ha
(63:07 / Allies) sylink: party hard guys
(63:09 / Allies) Incanus_Solemni: lol
(63:12 / Allies) sylink: dont feed fs
(63:16 / Allies) sylink: earthquake owns towers
(64:22 / All) Incanus_Solemni: lol
(64:26 / Allies) hsb123: hah
(64:28 / Allies) hsb123: keep tp~
(64:48 / Allies) sylink: leave no tank behind
(65:14 / Allies) sylink: gonna die
(66:11 / Allies) hsb123: haha
(66:16 / Allies) Incanus_Solemni: lol
(66:22 / All) sylink: yawwnwnn
(66:35 / Allies) sylink: i go tit
(66:41 / Allies) sylink: dropping a wisp
(67:03 / Allies) hsb123: tp here
(67:06 / Allies) sylink: lmaoooo
(67:37 / Allies) sylink: owned
(68:00 / Allies) hsb123: 120 plz
(68:02 / All) sylink: oh no 350 gold for another tp
(68:05 / All) sylink: out of the 28k i have
(68:09 / Allies) Incanus_Solemni: lol
(68:12 / All) Manocoulin1: all because of gay towers
(68:21 / All) Manocoulin1: im sorry purp but u have no skill
(68:26 / All) sylink: you cant counter towers
(68:26 / All) Manocoulin1: towering...isn't a skill
(68:27 / All) sylink: apparently
(68:30 / All) sylink: so i guess you have none!
(68:30 / Allies) Incanus_Solemni: lol are you fucking joking
(68:35 / All) Manocoulin1: lol
(68:38 / All) sylink: you dont have the balls to tower an entire map
(68:38 / All) Manocoulin1: u fuckin child
(68:40 / All) sylink: so get out of my game
(68:46 / All) hsb123: HaA
(68:48 / All) Manocoulin1: its a pussy strat
(68:49 / All) Incanus_Solemni: lol...
(68:54 / All) sylink: only noobs lose to towers
(68:58 / All) Manocoulin1: lol
(69:04 / Allies) hsb123: get thiei building
(69:05 / All) Manocoulin1: only noobs tower an entire map
(69:06 / Allies) hsb123: game voer~
(69:07 / Allies) hsb123: goo
(69:09 / All) sylink: oh no my precious cliff
(69:15 / All) Manocoulin1: lol ur a fag
(69:55 / All) sylink: even if you managed to break eveyr tower with tri hero
(69:57 / All) sylink: you couldn twin
(70:04 / All) Type_Text_Here: kk
(70:06 / All) Manocoulin1: clearly
(70:07 / All) Type_Text_Here: ty for info
(70:39 / All) sylink: fucking ne bases so easy
(70:50 / All) Manocoulin1: i'll give u credit purp
(70:51 / Allies) hsb123: het cant go out!
(70:52 / Allies) hsb123: hah
(70:53 / All) Manocoulin1: u know how to tower
(71:03 / All) Type_Text_Here: ure a dick about it though
(71:03 / All) Manocoulin1: hate to see hwo u really are playing a proper strat though
(71:26 / All) Manocoulin1: lol its a fucking game yet u heckle
(71:28 / Allies) hsb123: tp
(71:32 / All) Manocoulin1: think ur the shit cause u tower
(71:38 / All) sylink: you the won bitching about noob towers
(71:43 / All) Manocoulin1: grow the fuck up. its a game...you suck at it
(71:47 / All) sylink: im in clan towa not sure what you expected noob!
(71:50 / All) Manocoulin1: just saying its noob
(71:54 / All) Manocoulin1: LMAO
(71:57 / All) sylink: CLAN TOWA 4 LYFE
(71:58 / All) Manocoulin1: thats ur clan?!
(72:01 / All) Manocoulin1: clan TOWA!?
(72:04 / All) Incanus_Solemni: you're awfully contradictory blue..lol
(72:06 / All) Manocoulin1: LMAO!!!!!!!
(72:15 / Allies) hsb123: get tanks
(72:19 / All) sylink: nice chimes
(72:21 / All) sylink: ill take one
(72:22 / All) sylink: faggot
(72:30 / All) Manocoulin1: lol
(72:33 / All) Manocoulin1: ur such a loser
(72:42 / All) Manocoulin1: gg green
(72:46 / All) Incanus_Solemni: gg
(72:48 / All) sylink: bye
(72:55 / All) sylink: mr cant beat a few towers
(72:56 / All) Manocoulin1: lol count\
(72:57 / All) sylink: fukkeenn
(73:00 / All) Manocoulin1: clan towa!
(73:01 / All) Manocoulin1: lmao
(73:04 / All) Manocoulin1: thats ridiculous
(73:12 / All) sylink: thi snothing
(73:17 / All) sylink: ive made thousands of towers on friends
(73:26 / All) Manocoulin1: lol
(73:30 / All) Type_Text_Here: err
(73:35 / Allies) Incanus_Solemni: great game purp, you're a wc3 god!!
(73:36 / All) Type_Text_Here: and thats ab good thing?
(73:43 / All) sylink: 26k gold left guys
(73:46 / Allies) Incanus_Solemni: thakns for the win
(74:29 / All) sylink: oh no where are the buildings
(75:00 / All) sylink: fukken teal always expanding
(77:02 / Allies) Incanus_Solemni: maybe?
(77:09 / Allies) sylink: lol not even mined
(77:14 / Allies) Incanus_Solemni: lol
(77:19 / All) sylink: just discovered
(77:23 / All) sylink: we have 12k more gold on a cliff
(77:56 / Allies) Incanus_Solemni: gimme yellow
(77:59 / Allies) Incanus_Solemni: ill make wyvs
(78:07 / Allies) sylink: guy still has bats
(78:08 / Allies) sylink: somewhere
(78:11 / Allies) Incanus_Solemni: o
(79:44 / Allies) Incanus_Solemni: uh oh..
(79:56 / Allies) sylink: i know
(80:39 / Allies) sylink: i know
(80:44 / Allies) Incanus_Solemni: k
(80:50 / Allies) Incanus_Solemni: you want me to take yellow?
(80:54 / All) Type_Text_Here: goldcount?
(80:54 / Allies) sylink: no i need
(80:58 / All) sylink: a shitload
(80:58 / Allies) Incanus_Solemni: k
(81:06 / All) Type_Text_Here: nice
(83:25 / All) sylink: a million to go
(84:31 / All) Manocoulin1: wow,,,
(89:41 / All) Type_Text_Here: you have stopped talking purple...
(90:41 / All) Type_Text_Here: purple?
(91:48 / All) Manocoulin1: damn
(93:39 / Allies) Incanus_Solemni: wtf are they building
(93:45 / Allies) sylink: where is a better question
(93:52 / Allies) Incanus_Solemni: no i am asking where
(93:54 / Allies) Incanus_Solemni: where the fuck
(94:09 / Allies) sylink: somewhere
(94:22 / Allies) Incanus_Solemni: maybe ?
(94:41 / Allies) sylink: ive scouted most of map
(95:01 / Allies) Incanus_Solemni: hmm..
(95:08 / Allies) Incanus_Solemni: if they win worthy of replay to find out
(95:17 / Allies) sylink: they wont win
(96:14 / Allies) Incanus_Solemni: find anything?
(96:19 / Allies) sylink: no
(96:24 / Allies) Incanus_Solemni: hmm
(97:29 / Allies) sylink: found it
(97:51 / Allies) Incanus_Solemni: cool
(97:59 / Allies) sylink: they revealed now i think
(98:23 / All) Incanus_Solemni: gg
(99:27 / All) sylink: get out
(99:37 / Allies) Incanus_Solemni: now where
(99:38 / All) Type_Text_Here: ahh
(99:40 / Allies) sylink: they have a main
(99:43 / All) Type_Text_Here: you are there then
(101:07 / All) Incanus_Solemni: longest game ive ever played i think :D
(101:13 / All) Type_Text_Here: same tbh
(101:18 / All) Manocoulin1: and u arent even palying haha
(101:22 / All) Type_Text_Here: lolz
(101:22 / All) Incanus_Solemni: lol i know
(101:25 / All) Type_Text_Here: it must suck for u
(101:41 / All) Incanus_Solemni: well i thought about that...but i decided i really want to see who wins
(101:46 / All) Manocoulin1: haha
(103:55 / Allies) sylink: gryphon time
(103:59 / Allies) Incanus_Solemni: yes
(104:00 / Allies) Incanus_Solemni: i see that
(105:57 / Allies) Incanus_Solemni: is that it
(106:02 / Allies) Incanus_Solemni: wow..
(106:15 / Allies) Incanus_Solemni: guess not
(106:22 / All) Incanus_Solemni: i thought that was it lol
(106:26 / All) Type_Text_Here: heh
(106:27 / All) Manocoulin1: lol
(106:31 / Allies) sylink: what is lol are gryphs
(106:36 / Allies) Incanus_Solemni: yea
(106:37 / Allies) Incanus_Solemni: i know
(107:45 / All) sylink: i seee you
(107:50 / All) Manocoulin1: finally
(107:55 / All) sylink: where da heroes at
(107:57 / All) Incanus_Solemni: gga
(108:22 / All) Type_Text_Here: gg
(108:34 / All) Incanus_Solemni: lol
(108:37 / All) sylink: 19k left
(108:48 / All) sylink: OOPS